 Dungeon Crawl Stone Soup version 0.17.1-1-g73c8601 (webtiles) character file.

614 Alreadydead the Summoner (level 7, -5/36 HPs)
             Began as a Tengu Summoner on Dec 27, 2015.
             Shot with an arrow of dispersal by a centaur (14 damage)
             ... on level 6 of the Dungeon.
             The game lasted 00:22:22 (7014 turns).

Alreadydead the Summoner (Tengu Summoner)           Turns: 7014, Time: 00:22:22

Health: -5/36      AC:  4    Str:  8    XL:     7   Next: 44%
Magic:  7/14       EV: 12    Int: 18    God:
Gold:   194        SH:  0    Dex: 14    Spells: 5 memorised, 1 level left

rFire  . . .     SeeInvis .     (no weapon)
rCold  . . .     Clarity  .     a - +0 robe
rNeg   . . .     SustAt   .     (no shield)
rPois  .         Gourm    .     (helmet restricted)
rElec  .         Spirit   .     (no cloak)
rCorr  .         Warding  .     e - +1 pair of gloves
rMut   .         Stasis   .     (boots unavailable)
MR     .....                    (no amulet)
Stlth  ++........               (no ring)
                                (no ring)

@: not resistant to hostile enchantments, unstealthy
A: beak, talons 3, able to fly 1
a: Fly


You were on level 6 of the Dungeon.
You were not hungry.

You visited 1 branch of the dungeon, and saw 6 of its levels.
You also visited: Sewer.

You collected 194 gold pieces.

Inventory:

Armour
 a - a +0 robe (worn)
 e - a +1 pair of gloves (worn)
Scrolls
 f - 5 scrolls of remove curse
 i - a scroll of fog
 n - a scroll of random uselessness {unknown}
 q - 5 scrolls of teleportation
 s - 4 scrolls of fear
 x - 3 scrolls of identify
 y - a scroll of silence {unknown}
Potions
 d - 2 potions of curing
 g - 2 potions of flight
 h - a potion of lignification {unknown}
 j - 2 potions of cancellation {unknown}
 k - a potion of poison {unknown}
 l - 2 potions of magic {unknown}
 o - a potion of haste {unknown}
 r - 2 potions of heal wounds
 t - 2 potions of brilliance {unknown}
Books
 b - a book of Callings

   Spells                             Type                      Level
   a - Summon Small Mammal            Summoning                    1
   b - Call Imp                       Summoning                    2
   c - Call Canine Familiar           Summoning                    3
   d - Summon Guardian Golem          Hexes/Summoning              3
   e - Summon Lightning Spire         Summoning/Air                4
   f - Summon Ice Beast               Ice/Summoning                4
 p - a book of Frost

   Spells                             Type                      Level
   a - Freeze                         Ice                          1
   b - Throw Frost                    Conjuration/Ice              2
   c - Ozocubu's Armour               Charms/Ice                   3
   d - Throw Icicle                   Conjuration/Ice              4
   e - Summon Ice Beast               Ice/Summoning                4
   f - Condensation Shield            Ice                          4
 w - a book of Burglary

   Spells                             Type                      Level
   a - Swiftness                      Charms/Air                   2
   b - Passwall                       Transmutation/Earth          3
   c - Passage of Golubria            Translocation                4
   d - Lee's Rapid Deconstruction     Earth                        5
   e - Darkness                       Hexes                        6
   f - Invisibility                   Hexes                        6
Comestibles
 c - 5 bread rations
 m - 2 meat rations
 u - 2 chunks of flesh
 v - a royal jelly


   Skills:
 - Level 2.1 Dodging
 - Level 2.0 Stealth
 - Level 4.3 Spellcasting
 + Level 9.2 Summonings


You had one spell level left.
You knew the following spells:

 Your Spells              Type           Power        Failure   Level  Hunger
a - Summon Small Mammal   Summ           ####         1%          1    None
b - Call Imp              Summ           #####...     1%          2    ##.....
c - Call Canine Familiar  Summ           #####...     1%          3    ###....
d - Summon Guardian Gole  Hex/Summ       ###.....     10%         3    ###....
e - Summon Ice Beast      Ice/Summ       ###.....     24%         4    ####...


Dungeon Overview and Level Annotations

Branches:
Dungeon (6/15)
 Temple: D:4-7

Altars:
Elyvilon
Gozag
Makhleb
Nemelex Xobeh
Qazlal
Trog
Yredelemnul

Shops:
D:4 =


Innate Abilities, Weirdness & Mutations

You have a beak for a mouth.
You have claws for feet.
You can fly.


Message History

Confirm with . or Enter, or press ? or * to list all spells.
Casting: Call Canine Familiar
Confirm with . or Enter, or press ? or * to list all spells.
A beastly little devil appears in a puff of flame.
The centaur shoots an arrow of dispersal.
The arrow of dispersal hits you!
You blink.
The centaur shoots an arrow of dispersal.
The arrow of dispersal hits you.
You blink.
A troll comes into view.
Casting: Call Imp
Confirm with . or Enter, or press ? or * to list all spells.
A beastly little devil appears in a puff of flame.
The centaur shoots an arrow of dispersal.
The arrow of dispersal hits you!
* * * LOW HITPOINT WARNING * * *
You blink.
Unknown command.
The centaur shoots an arrow of dispersal.
The arrow of dispersal hits you!
You die...

.... .....#
...))#
###o##.####
#.5.......#
#.ยง..T..c.#
#.........#
#.ao.....<#
.##.##!@...o(..#
.........h.(...#
....##......5..#
... #.........#
. #.........#
####.###### #.#
.. ..#


You could see a troll, an orc warrior, a centaur, a worker ant, an orc priest,
an orc wizard, a friendly hound and 2 friendly crimson imps.

Vanquished Creatures
  An adder (D:2)
  A ball python (D:1)
  A goblin (D:2)
  2 hobgoblins (D:1)
  2 kobolds (D:1)
  2 bats
  2 rats
11 creatures vanquished.

Vanquished Creatures (collateral kills)
  Duvessa (D:5)
  3 ogres
  3 big kobolds (Sewer)
  Dowan (D:5)
  2 scorpions
  A hound (D:4)
  2 orc priests (D:5)
  An orc wizard (D:5)
  A worker ant (D:4)
  11 adders
  3 river rats
  4 gnolls (D:2)
  2 oozes
  8 worms
  3 giant geckos
  9 orcs (D:5)
  5 giant cockroaches
  9 goblins
  6 hobgoblins
  2 quokkas
  A ball python (Sewer)
  7 bats
  11 giant newts
  14 kobolds
  12 rats
122 creatures vanquished.

Grand Total: 133 creatures vanquished

Notes
Turn   | Place    | Note
--------------------------------------------------------------
     0 | D:1      | Alreadydead the Tengu Summoner began the quest for the Orb.
     0 | D:1      | Reached XP level 1. HP: 10/10 MP: 4/4
    23 | D:1      | Reached skill level 5 in Summonings
   237 | D:1      | Reached XP level 2. HP: 6/15 MP: 1/6
   391 | D:1      | Learned a level 2 spell: Call Imp
  1114 | D:2      | Reached skill level 6 in Summonings
  1114 | D:2      | Reached XP level 3. HP: 19/19 MP: 0/7
  1187 | D:2      | Learned a level 3 spell: Call Canine Familiar
  1458 | D:2      | Found an opulent altar of Gozag.
  1849 | D:2      | Reached XP level 4. HP: 24/24 MP: 1/9
  2267 | D:2      | Learned a level 3 spell: Summon Guardian Golem
  2577 | D:2      | Found a bloodstained altar of Trog.
  2577 | D:2      | Found a stormy altar of Qazlal.
  2765 | D:2      | Found a burning altar of Makhleb.
  3760 | D:4      | Gained mutation: You can fly. [Tengu growth]
  3760 | D:4      | Reached XP level 5. HP: 28/28 MP: 1/11
  3825 | D:4      | Found Bugos's Jewellery Boutique.
  3829 | D:4      | Noticed an ogre
  3835 | D:4      | Killed an ogre
  3928 | D:4      | Found a glowing drain.
  4125 | Sewer    | Entered a sewer
  4330 | Sewer    | Reached XP level 6. HP: 32/32 MP: 7/13
  4354 | Sewer    | Learned a level 4 spell: Summon Ice Beast
  4406 | Sewer    | Reached skill level 7 in Summonings
  5226 | D:5      | Entered Level 5 of the Dungeon
  5316 | D:5      | Noticed Duvessa
  5321 | D:5      | Noticed Dowan
  5337 | D:5      | Killed Duvessa
  5337 | D:5      | Reached skill level 8 in Summonings
  5356 | D:5      | Killed Dowan
  5356 | D:5      | Reached XP level 7. HP: 36/36 MP: 1/14
  5467 | D:5      | Found a sparkling altar of Nemelex Xobeh.
  5514 | D:5      | Found a basalt altar of Yredelemnul.
  5746 | D:5      | Found a sparkling altar of Nemelex Xobeh.
  5948 | D:5      | HP: 1/36 [orc priest/divine providence (10)]
  6454 | D:5      | Reached skill level 9 in Summonings
  6763 | D:5      | Found a white marble altar of Elyvilon.
  7013 | D:6      | Noticed a troll
  7014 | D:6      | Shot with an arrow of dispersal by a centaur

Action                   |  1- 3 |  4- 6 |  7- 9 || total
-------------------------+-------+-------+-------++-------
Melee: Unarmed           |    36 |    32 |       ||    68
 Cast: Summon Small Mamm |    17 |     3 |       ||    20
       Call Imp          |    20 |    44 |    15 ||    79
       Call Canine Famil |     7 |    34 |     6 ||    47
       Summon Guardian G |       |     5 |     2 ||     7
 Abil: Fly               |       |     3 |       ||     3
  Use: Scroll            |     4 |     9 |       ||    13
       Potion            |       |     1 |       ||     1
  Eat: Chunk             |     4 |    12 |     6 ||    22
       Meat ration       |       |     1 |       ||     1
